 Dungeon Crawl Stone Soup version 0.24-a0-434-gd57e52fea8 (webtiles) character file.

Game seed: 2952747415615705223

223626 JellyEater the Earth Mage (level 19, -8/133 HPs)
             Began as a Gargoyle Earth Elementalist on June 14, 2019.
             Was the Champion of Vehumet.
             Mangled by Polyphemus (41 damage)
             ... on level 2 of the Shoals on June 16, 2019.
             The game lasted 03:01:19 (45593 turns).

JellyEater the Earth Mage (GrEE)                   Turns: 45593, Time: 03:01:20

Health: -8/133     AC: 36    Str: 14    XL:     19   Next: 66%
Magic:  2/35       EV: 19    Int: 41    God:    Vehumet [******]
Gold:   1621       SH:  0    Dex: 14    Spells: 8/43 levels left

rFire    + . .     SeeInvis +   t - +0 morningstar of Looczeuh {crush, rF+ Int+6}
rCold    . . .     Gourm    +   (no shield)
rNeg     + + .     Faith    .   f - +5 robe of Night {Dark MR+ SInv}
rPois    ∞         Spirit   .   q - +2 helmet {Int+3}
rElec    +         Reflect  .   j - +2 cloak
rCorr    .         Harm     .   v - +2 pair of gloves
MR       ++...                  I - +2 pair of boots
Stlth    ++........             Z - amulet of Qiyphois {Gourm rElec Int+4}
HPRegen  0.32/turn              D - ring "Sopporphomi" {rN+ Int+3 Dex+4}
MPRegen  0.24/turn              y - +3 ring of intelligence

@: flying, very slightly contaminated, studying Armour, invisible (expiring)
A: big wings, rugged brown scales 1, mutation resistance 1, negative energy
resistance 1, robust 1, electricity resistance, unbreathing, petrification
resistance, rot immunity, AC +14
a: Stop Flying, Renounce Religion


You were on level 2 of the Shoals.
You worshipped Vehumet.
Vehumet was exalted by your worship.
You were very full.

You visited 7 branches of the dungeon, and saw 33 of its levels.
You also visited: Gauntlet and Ice Cave.

You collected 4675 gold pieces.
You spent 3054 gold pieces at shops.

Inventory:

Hand Weapons
 t - the +0 morningstar of Looczeuh (weapon) {crush, rF+ Int+6}
   (You bought it in a shop on level 2 of the Orcish Mines)

   It inflicts extra damage upon your enemies.
   It affects your intelligence (+6).
   It protects you from fire.
 N - a +3 eveningstar
Missiles
 b - 372 stones (quivered)
 h - 17 silver javelins
 m - 5 throwing nets
 o - 14 curare-tipped darts
 z - 10 datura-tipped darts
Armour
 f - the +5 robe of Night (worn) {Dark MR+ SInv}
   (You bought it in a shop on level 2 of the Orcish Mines)

   It affects your resistance to hostile enchantments.
   It lets you see invisible.
 j - a +2 cloak (worn)
 q - a +2 helmet of intelligence (worn)
 s - a +2 robe of the Archmagi
 v - a +2 pair of gloves (worn)
 I - a +2 pair of boots (worn)
Jewellery
 c - the amulet "Yryrhua" {Gourm rElec Slay+5}
   (You took it off a deep elf mage on level 3 of the Elven Halls)

   [amulet of the gourmand]

   It allows you to eat raw meat even when not hungry.
   It affects your accuracy and damage with ranged weapons and melee attacks
   (+5).
   It insulates you from electricity.
 y - a +3 ring of intelligence (right hand)
 D - the ring "Sopporphomi" (left hand) {rN+ Int+3 Dex+4}
   (You found it in a Gauntlet)

   [ring of intelligence]

   It affects your intelligence (+3).
   It affects your dexterity (+4).
   It protects you from negative energy.
 Z - the amulet of Qiyphois (around neck) {Gourm rElec Int+4}
   (You bought it in a shop on level 9 of the Dungeon)

   [amulet of the gourmand]

   It allows you to eat raw meat even when not hungry.
   It affects your intelligence (+4).
   It insulates you from electricity.
Wands
 r - a wand of paralysis (16)
 L - a wand of enslavement (19)
 S - a wand of clouds (3)
 X - a wand of digging (7)
Scrolls
 i - 2 scrolls of fear
 p - 16 scrolls of remove curse
 A - a scroll of holy word
 C - a scroll of fog
 J - 13 scrolls of identify
 P - 16 scrolls of teleportation
 Q - 3 scrolls of blinking
 T - a scroll of amnesia
 V - 4 scrolls of immolation
Potions
 a - 6 potions of mutation
 g - 2 potions of brilliance
 l - 3 potions of heal wounds
 n - 17 potions of curing
 E - 3 potions of cancellation
 G - 2 potions of haste
 K - 3 potions of might
 M - 2 potions of resistance
 O - a potion of ambrosia
 Y - a potion of berserk rage
Books
 R - a manual of Armour
Miscellaneous
 B - a lightning rod (inert)
Comestibles
 d - 61 rations


   Skills:
 + Level 12.7 Fighting
 + Level 11.9 Maces & Flails
 - Level 6.0 Armour
 + Level 10.4 Dodging
 - Level 2.1 Stealth
 + Level 12.7 Spellcasting
 + Level 14.4 Conjurations
   Level 0.7 Transmutations
 * Level 14.3 Fire Magic
 + Level 16.2 Earth Magic
 - Level 6.0 Evocations


You had 8 spell levels left.
You knew the following spells:

 Your Spells              Type           Power        Failure   Level  Hunger
a - Sandblast             Erth           ######       0%          1    None
b - Stone Arrow           Conj/Erth      ######       0%          3    None
c - Lee's Rapid Deconstr  Erth           ########..   1%          5    None
d - Iron Shot             Conj/Erth      ########..   1%          6    ##.....
e - Poison Arrow          Conj/Pois      ######....   2%          6    ##.....
f - Bolt of Fire          Conj/Fire      #######...   1%          6    ##.....
g - Ignition              Fire           #######...   6%          8    ######.

Your spell library contained the following spells:

 Spells                   Type           Power        Failure   Level  Hunger
 Lehudib's Crystal Spear  Conj/Erth      ########..   4%          8    ######.
 Fire Storm               Conj/Fire      #######...   61%         9    #######
 Magic Dart               Conj           ####         0%          1    None
 Searing Ray              Conj           ######       0%          2    None
 Animate Skeleton         Necr           N/A          1%          1    None
 Beastly Appendage        Tmut           ####..       1%          1    None
 Confusing Touch          Hex            ####..       1%          1    None
 Corona                   Hex            ####...      1%          1    None
 Pain                     Necr           ####         1%          1    None
 Shock                    Conj/Air       ####         1%          1    None
 Sting                    Conj/Pois      ####         1%          1    None
 Summon Butterflies       Summ           ####....     1%          1    None
 Summon Small Mammal      Summ           ####         1%          1    None
 Call Imp                 Summ           ####....     1%          2    None
 Ensorcelled Hibernation  Hex/Ice        ####..       1%          2    None
 Passwall                 Tmut/Erth      #######.     1%          2    None
 Poisonous Vapours        Pois/Air       ####..       1%          2    None
 Swiftness                Chrm/Air       ####....     1%          2    None
 Dazzling Spray           Conj/Hex       ######       1%          3    None
 Ignite Poison            Fire/Tmut/Pois ######..     1%          3    None
 Mephitic Cloud           Conj/Pois/Air  ######..     1%          3    None
 Static Discharge         Conj/Air       ######..     1%          3    None
 Force Lance              Conj/Tloc      ######..     1%          4    None
 Fulminant Prism          Conj/Hex       ######....   1%          4    None
 Iskenderun's Mystic Bla  Conj           #######.     1%          4    None
 Leda's Liquefaction      Hex/Erth       #######...   1%          4    None
 Petrify                  Tmut/Erth      #######.     1%          4    None
 Bolt of Magma            Conj/Fire/Erth #######...   1%          5    None
 Irradiate                Conj/Tmut      ######....   1%          5    None
 Iskenderun's Battlesphe  Conj/Chrm      ######..     1%          5    None
 Lightning Bolt           Conj/Air       ######....   1%          5    None
 Venom Bolt               Conj/Pois      ######....   1%          5    None
 Orb of Destruction       Conj           #######...   1%          7    ####...
 Bolt of Cold             Conj/Ice       ######....   2%          6    ##.....
 Conjure Ball Lightning   Conj/Air       ######....   2%          6    ##.....
 Call Canine Familiar     Summ           ####....     3%          3    None
 Confuse                  Hex            ####....     3%          3    None
 Gell's Gravitas          Tloc           ####......   3%          3    None
 Recall                   Summ/Tloc      N/A          3%          3    None
 Regeneration             Chrm/Necr      ####......   3%          3    None
 Summon Guardian Golem    Hex/Summ       ####....     3%          3    None
 Tukima's Dance           Hex            ####....     3%          3    None
 Vampiric Draining        Necr           ####......   3%          3    None
 Airstrike                Air            ####......   3%          4    None
 Olgreb's Toxic Radiance  Pois           ####....     3%          4    None
 Freezing Cloud           Conj/Ice/Air   ######....   7%          6    ##.....
 Yara's Violent Unravell  Hex/Tmut       ####......   9%          5    None
 Ice Form                 Ice/Tmut       ####....     11%         4    None
 Animate Dead             Necr           N/A          12%         4    None
 Cause Fear               Hex            ####......   12%         4    None
 Summon Ice Beast         Ice/Summ       ####....     12%         4    None
 Summon Lightning Spire   Summ/Air       ####....     12%         4    None
 Spellforged Servitor     Conj/Summ      ######....   16%         7    ####...
 Blade Hands              Tmut           ####......   26%         5    None
 Alistair's Intoxication  Tmut/Pois      ####....     30%         5    None
 Aura of Abjuration       Summ           ####......   34%         5    None
 Metabolic Englaciation   Hex/Ice        ####......   34%         5    None
 Silence                  Hex/Air        ####......   34%         5    None
 Summon Demon             Summ           ####......   34%         5    None
 Summon Forest            Summ/Tloc      ####......   34%         5    None
 Summon Mana Viper        Hex/Summ       ####....     34%         5    None
 Ozocubu's Refrigeration  Ice            ####......   41%         6    ##.....
 Deflect Missiles         Chrm/Air       ####......   88%         6    ##.....
 Shadow Creatures         Summ           N/A          88%         6    ##.....
 Simulacrum               Ice/Necr       ####......   88%         6    ##.....
 Haunt                    Necr/Summ      ####......   100%        7    ####...
 Summon Hydra             Summ           ####......   100%        7    ####...
 Borgnjor's Revivificati  Necr           ####......   100%        8    ######.
 Death's Door             Chrm/Necr      ####......   100%        8    ######.
 Discord                  Hex            ####......   100%        8    ######.
 Infestation              Necr           ####......   100%        8    ######.
 Necromutation            Tmut/Necr      ####......   100%        8    ######.
 Shatter                  Erth           ########..   36%         9    #######
 Tornado                  Air            ####......   100%        9    #######
 Sublimation of Blood     Necr           Unusable     N/A         2    N/A
 Statue Form              Tmut/Erth      Unusable     N/A         6    N/A

Dungeon Overview and Level Annotations

Branches:
Dungeon (15/15)            Temple (1/1) D:4            Lair (6/6) D:8
 Shoals (2/4) Lair:2        Snake (4/4) Lair:3        Slime (0/5) Lair:6
    Orc (2/2) D:11            Elf (3/3) Orc:2        Vaults (0/5) D:14
 Depths (0/5) D:15

Altars:
Ashenzari
Cheibriados
Dithmenos
Elyvilon
Fedhas
Gozag
Hepliaklqana
Kikubaaqudgha
Makhleb
Nemelex Xobeh
Okawaru
Qazlal
Ru
Sif Muna
Trog
Uskayaw
Vehumet
Wu Jian
Xom
Zin
The Shining One
Beogh
Jiyva

Shops:
D:7 %   D:8 *   D:9 =   D:10 ![}   D:12 *   D:14 [   Orc:1 *   Orc:2 [[(?(

Portals:
Trove: D:14 (show abyssal rune of Zot)

Annotations:
D:11 1 runed translucent door, stonage's ghost, journeyman OpFi
Shoals:2 Polyphemus
Elf:2 5 runed translucent doors, Nikola


Innate Abilities, Weirdness & Mutations

You are resistant to torment.
Your stone body is resilient. (AC +14)
You are immune to poison.
Your large and strong wings let you fly indefinitely.
You resist negative energy. (rN+)
You are resistant to electric shocks. (rElec)
You can survive without breathing.
You are immune to petrification.
You are immune to rotting.
You are partially covered in rugged brown scales. (AC +1, +3% HP)
You are somewhat resistant to further mutation.
You are robust. (+10% HP)


Message History

Press: ? - help, Shift-Dir - straight line, f/p - merfolk avatar
Aim: a merfolk avatar (water, almost dead, mesmerising)
The blast of sand misses the merfolk avatar.
b - 373 stones Polyphemus hits you.
Polyphemus closely misses you.
The merfolk avatar chants its luring song.
Casting: Sandblast (safe; 0% risk of failure)
Confirm with . or Enter, or press ? or * to list all spells.
Aiming: Sandblast (safe; 0% risk of failure)
Press: ? - help, Shift-Dir - straight line, f/p - merfolk avatar
Aim: a merfolk avatar (water, almost dead, mesmerising)
The blast of sand hits the merfolk avatar!
You break out of your daze!
You kill the merfolk avatar!
Vehumet accepts your kill.
b - 372 stones Polyphemus hits you!!
* * * LOW HITPOINT WARNING * * *
Polyphemus barely misses you. Polyphemus hits you!!!
You die...

≈≈≈≈≈≈≈≈≈≈≈≈
≈≈≈≈≈≈≈≈≈≈≈≈
≈≈≈≈≈≈≈≈≈≈≈m
≈≈≈≈≈≈≈≈≈≈≈≈
≈≈≈≈≈≈(≈≈≈≈≈
≈≈≈≈≈.<.≈≈≈≈
≈≈≈≈.@..≈≈≈≈
≈≈≈.C...≈≈≈≈
......[..≈≈≈
..###†...$≈≈
## #.###.≈≈
..# ..


You could see Polyphemus (berserk).

Vanquished Creatures
  Saint Roka (Snake:2)
  Vashnia (Snake:3)
  Jorgrun (Orc:1)
  2 deep elf master archers (Elf:3)
  3 deep elf blademasters (Elf:3)
  Frances (Snake:2)
  Donald (Snake:2)
  3 nagarajas (Snake:3)
  5 deep elf sorcerers (Elf:3)
  3 orc warlords
  Aizul (Snake:2)
  Louise (Snake:1)
  3 deep elf elementalists
  A minotaur (Gauntlet)
  A dire elephant (D:15)
  5 deep elf annihilators (Elf:3)
  4 deep elf demonologists
  5 deep elf death magi
  A fire dragon (Lair:6)
  2 ogre magi
  6 deep elf high priests
  Harold (Orc:1)
  Fannar (D:11)
  An ice dragon (Lair:6)
  7 naga warriors
  3 hydras
  4 centaur warriors
  A catoblepas (Shoals:2)
  A merfolk avatar (Shoals:2)
  4 anacondas
  11 dancing weapons
  15 two-headed ogres
  2 death knights (D:15)
  3 tengu warriors
  2 death yaks (Shoals:2)
  12 naga sharpshooters
  5 orc high priests
  Urug (Lair:5)
  7 shock serpents
  19 deep elf knights
  A small abomination (Elf:3)
  A skeletal warrior (D:8)
  A salamander mystic (Snake:3)
  2 unseen horrors
  A swamp dragon (Lair:6)
  4 sea snakes (Shoals:1)
  2 naga ritualists
  15 deep elf archers
  Pikel (D:6)
  11 orc knights
  A lindwurm (Lair:6)
  A phantasmal warrior (D:15)
  12 mana vipers
  58 deep elf magi
  7 ugly things
  A wolf spider (D:15)
  An oklob plant (Lair:6)
  9 salamanders
  10 manticores
  4 fauns (Shoals:1)
  5 orc sorcerers
  A cyclops (D:11)
  A worldbinder (Gauntlet)
  28 black mambas
  2 merfolk sirens (Shoals:1)
  A water nymph (Shoals:1)
  5 elephants (Lair:4)
  8 naga magi
  4 guardian serpents
  Joseph (D:8)
  5 torpor snails (Lair:6)
  10 spiny frogs
  A rime drake (shapeshifter) (D:14)
  A gargoyle (D:12)
  5 rime drakes
  A minotaur zombie (Gauntlet)
  8 komodo dragons
  2 polar bears
  A tengu conjurer (D:12)
  7 trolls
  A hornet (shapeshifter) (Elf:1)
  5 merfolk (Shoals:1)
  4 tyrant leeches (Lair:6)
  3 wind drakes (Shoals:1)
  21 blink frogs
  7 hornets
  Grinder (D:4)
  14 slime creatures
  2 snapping turtles (Shoals:1)
  6 dream sheep (Lair:6)
  14 hippogriffs
  Sigmund (D:4)
  A spriggan (Lair:2)
  4 air elementals
  4 wraiths
  A vampire (D:8)
  Eustachio (D:5)
  A shadow (D:15)
  5 basilisks
  A fire bat (Gauntlet)
  36 yaks
  3 fire elementals
  A human (D:8)
  A water elemental (Elf:1)
  A wyvern (D:14)
  2 steam dragons
  4 hogs (D:8)
  2 vampire mosquitoes
  3 wargs
  A hungry ghost (D:12)
  32 nagas
  3 acid dragons (Lair:6)
  16 water moccasins
  5 porcupines
  57 orc warriors
  4 ice beasts
  4 sky beasts
  A black bear (D:6)
  A swamp drake (Lair:6)
  4 slaves (D:6)
  2 phantoms (D:5)
  3 boggarts (Gauntlet)
  10 wolves
  18 ogres
  4 big kobolds
  10 crocodiles
  22 centaurs
  3 earth elementals
  15 bullfrogs
  A gnoll sergeant (D:6)
  2 wyvern zombies (D:11)
  8 scorpions
  14 wights
  2 howler monkeys
  A bullfrog zombie (D:10)
  5 crimson imps
  42 orc priests
  7 centaur skeletons
  5 jellies
  3 bullfrog skeletons
  Crazy Yiuf (D:6)
  5 hounds
  38 orc wizards
  Ijyb (D:4)
  3 iguanas
  8 worker ants
  5 hell rats (Lair:6)
  3 hound skeletons
  A worker ant zombie (D:11)
  12 gnolls
  A howler monkey skeleton (D:9)
  15 adders
  A river rat (D:4)
  7 shadow imps
  8 oozes
  An adder zombie (D:7)
  A worm (D:2)
  A dart slug (D:2)
  5 leopard geckos
  109 orcs
  5 bats
  6 giant cockroaches
  4 goblins
  7 hobgoblins
  10 jackals
  3 quokkas
  A ball python (D:2)
  5 frilled lizards
  A jackal zombie (D:5)
  16 kobolds
  A quokka skeleton (D:6)
  A quokka zombie (D:5)
  5 rats
  4 crawling corpses (Elf:3)
  12 plants
1153 creatures vanquished.

Vanquished Creatures (others)
  An anaconda (Snake:3)
  A salamander mystic (Snake:3)
  A salamander (Snake:3)
  A yak (IceCv)
  A wolf (IceCv)
  4 wights (D:6)
  A centaur zombie (D:6)
  An iguana (Lair:6)
  3 fungi
  13 plants
  10 toadstools (D:5)
37 creatures vanquished.

Grand Total: 1190 creatures vanquished

Notes
Turn   | Place    | Note
-------+----------+-------------------------------------------
     0 | D:1      | JellyEater the Gargoyle Earth Elementalist began the quest
                  | for the Orb.
     0 | D:1      | Reached XP level 1. HP: 10/10 MP: 3/3
   382 | D:1      | Reached XP level 2. HP: 5/15 MP: 0/5
   783 | D:1      | Reached skill level 4 in Earth Magic
  1288 | D:2      | Reached XP level 3. HP: 18/19 MP: 2/7
  1293 | D:2      | Learned a level 3 spell: Stone Arrow
  1331 | D:2      | Found a blossoming altar of Fedhas.
  1413 | D:2      | Reached skill level 1 in Conjurations
  1413 | D:2      | Reached XP level 4. HP: 18/24 MP: 0/8
  1580 | D:2      | Found a sparkling altar of Nemelex Xobeh.
  1913 | D:2      | Reached skill level 5 in Earth Magic
  2404 | D:3      | Reached XP level 5. HP: 26/28 MP: 9/9
  2425 | D:3      | Learned a level 5 spell: Lee's Rapid Deconstruction
  2446 | D:3      | Found a glowing silver altar of Zin.
  2484 | D:3      | Found a snail-covered altar of Cheibriados.
  3303 | D:4      | Noticed Grinder
  3327 | D:4      | Reached XP level 6. HP: 17/32 MP: 8/11
  3342 | D:4      | Killed Grinder
  3342 | D:4      | Reached skill level 6 in Earth Magic
  3528 | D:4      | Found a staircase to the Ecumenical Temple.
  3540 | D:4      | Reached XP level 7. HP: 30/36 MP: 13/13
  3546 | D:4      | Noticed Ijyb
  3550 | Temple   | Entered the Ecumenical Temple
  3589 | Temple   | Became a worshipper of Vehumet
  3628 | D:4      | Killed Ijyb
  3872 | D:4      | Noticed Sigmund
  3884 | D:4      | Killed Sigmund
  3884 | D:4      | Reached skill level 5 in Spellcasting
  3884 | D:4      | Reached skill level 7 in Earth Magic
  4001 | D:4      | Reached XP level 8. HP: 37/41 MP: 12/15
  4007 | D:4      | Reached skill level 5 in Conjurations
  4130 | D:4      | Reached * piety under Vehumet
  4130 | D:4      | Offered knowledge of Sting by Vehumet.
  4351 | D:5      | Entered Level 5 of the Dungeon
  4357 | D:5      | Learned a level 2 spell: Passwall
  4501 | D:5      | Noticed Eustachio
  4507 | D:5      | Killed Eustachio
  4507 | D:5      | Reached skill level 8 in Earth Magic
  4616 | D:5      | Found a stormy altar of Qazlal.
  4696 | D:5      | Found a sparkling altar of Nemelex Xobeh.
  4765 | D:5      | Reached XP level 9. HP: 45/45 MP: 11/18
  5097 | D:5      | Reached skill level 9 in Earth Magic
  5265 | D:5      | Offered knowledge of Throw Frost by Vehumet.
  5342 | D:6      | Reached ** piety under Vehumet
  5532 | D:6      | Found an ancient bone altar of Kikubaaqudgha.
  5709 | D:6      | Noticed Pikel
  5713 | D:6      | Reached skill level 1 in Fighting
  5713 | D:6      | Reached skill level 1 in Maces & Flails
  5713 | D:6      | Reached skill level 1 in Armour
  5726 | D:6      | Reached skill level 1 in Evocations
  5756 | D:6      | Killed Pikel
  5756 | D:6      | Reached XP level 10. HP: 46/53 MP: 5/21
  5766 | D:6      | Found a runed translucent door.
  5767 | D:6      | Noticed Crazy Yiuf
  5771 | D:6      | Killed Crazy Yiuf
  5924 | D:6      | Reached skill level 10 in Earth Magic
  6150 | D:7      | Offered knowledge of Inner Flame by Vehumet.
  6436 | D:7      | Reached *** piety under Vehumet
  6453 | D:7      | Found Fuw Rong's Food Shop.
  6828 | D:8      | Found a shattered altar of Ashenzari.
  7163 | D:8      | Noticed a two-headed ogre
  7164 | D:8      | Offered knowledge of Olgreb's Toxic Radiance by Vehumet.
  7166 | D:8      | Killed a two-headed ogre
  7168 | D:8      | Noticed a skeletal warrior
  7500 | D:8      | Found a deep blue altar of Sif Muna.
  7554 | D:8      | Found Dit Edui's Assorted Antiques.
  7562 | D:8      | Found a staircase to the Lair.
  7569 | D:8      | Bought a scroll labeled BIYCLAI TAGID for 19 gold pieces
  7569 | D:8      | Bought an orange potion for 17 gold pieces
  7569 | D:8      | Bought a scroll labeled HYAZUL NAPH for 19 gold pieces
  7569 | D:8      | Bought a fuming blue potion for 17 gold pieces
  7569 | D:8      | Bought a fuming puce potion for 17 gold pieces
  7569 | D:8      | Bought a blue potion for 17 gold pieces
  7569 | D:8      | Bought a purple potion for 17 gold pieces
  7569 | D:8      | Bought a scroll labeled GUGYUL ACEFOIJU for 19 gold pieces
  7743 | D:8      | Noticed a two-headed ogre
  7750 | D:8      | Killed a two-headed ogre
  7750 | D:8      | Reached XP level 11. HP: 60/60 MP: 16/22
  7824 | D:8      | Noticed a centaur warrior
  7834 | D:8      | Killed a centaur warrior
  7890 | D:8      | Killed an unseen horror
  7915 | D:8      | Noticed Joseph
  7920 | D:8      | Killed Joseph
  8150 | D:8      | Found an ornate altar of the Wu Jian Council.
  8192 | D:8      | Found a deep blue altar of Sif Muna.
  8192 | D:8      | Found a bloodstained altar of Trog.
  8193 | D:8      | Found a sacrificial altar of Ru.
  8252 | D:8      | Found Dit Edui's Assorted Antiques.
  8261 | D:8      | Found a staircase to the Lair.
  8403 | D:8      | Killed a skeletal warrior
  8498 | D:8      | Found an ornate altar of the Wu Jian Council.
  8646 | D:8      | Found a shattered altar of Ashenzari.
  8670 | D:8      | Found a deep blue altar of Sif Muna.
  8670 | D:8      | Found a bloodstained altar of Trog.
  8671 | D:8      | Found a sacrificial altar of Ru.
  8750 | D:8      | Found a deep blue altar of Sif Muna.
  9084 | D:9      | Found Yxtoewir's Jewellery Boutique.
  9248 | D:9      | Reached **** piety under Vehumet
  9494 | D:10     | Entered Level 10 of the Dungeon
  9553 | D:10     | Gained mutation: You are partially covered in rugged brown
                  | scales. (AC +1, +3% HP) [potion of mutation]
  9553 | D:10     | Gained mutation: You are somewhat resistant to further
                  | mutation. [potion of mutation]
  9553 | D:10     | Gained mutation: You are robust. (+10% HP) [potion of
                  | mutation]
  9728 | D:10     | Offered knowledge of Bolt of Draining by Vehumet.
  9736 | D:10     | Learned a level 5 spell: Bolt of Draining
  9749 | D:10     | Found Ginoirgh's Distillery.
  9761 | D:10     | Bought a potion of magic for 120 gold pieces
  9761 | D:10     | Bought a potion of curing for 45 gold pieces
  9761 | D:10     | Bought a potion of curing for 45 gold pieces
  9761 | D:10     | Bought a potion of curing for 45 gold pieces
  9761 | D:10     | Bought a potion of heal wounds for 75 gold pieces
  9761 | D:10     | Bought a potion of heal wounds for 75 gold pieces
  9761 | D:10     | Bought a potion of curing for 45 gold pieces
  9783 | D:10     | Found Jycyqaent's Gadget Shop.
  9804 | D:10     | Found Jeutso's Antique Armour Shop.
  9805 | D:10     | Noticed a two-headed ogre
  9810 | D:10     | Killed a two-headed ogre
  9810 | D:10     | Reached skill level 11 in Earth Magic
 10159 | D:10     | Found a roughly hewn altar of Beogh.
 10305 | D:11     | Found a gate leading to a gauntlet.
 10312 | Gauntlet | Entered a Gauntlet
 10312 | Gauntlet | Found a transporter.
 10319 | Gauntlet | Found a transporter.
 10321 | Gauntlet | Found a transporter.
 10325 | Gauntlet | Noticed a worldbinder
 10329 | Gauntlet | Found a runed translucent door.
 10332 | Gauntlet | Found a transporter.
 10334 | Gauntlet | Found a transporter.
 10342 | Gauntlet | Found a transporter.
 10342 | Gauntlet | Noticed an orange crystal statue
 10357 | Gauntlet | Noticed a fire crab
 10358 | Gauntlet | Found a transporter.
 10368 | Gauntlet | Found a transporter.
 10375 | Gauntlet | Noticed a fire crab
 10376 | Gauntlet | Found a runed translucent gate.
 10376 | Gauntlet | Found a runed translucent gate.
 10377 | Gauntlet | Found a runed translucent gate.
 10378 | Gauntlet | Found a transporter.
 10392 | Gauntlet | Found a transporter.
 10401 | Gauntlet | Noticed a tengu warrior
 10407 | Gauntlet | Found a transporter.
 10407 | Gauntlet | Found a transporter.
 10454 | Gauntlet | Found a transporter.
 10468 | Gauntlet | Found a transporter.
 10585 | Gauntlet | Noticed a deep elf mage
 10586 | Gauntlet | Noticed a deep elf mage
 10588 | Gauntlet | Noticed a deep elf archer
 10593 | Gauntlet | Killed a worldbinder
 10674 | Gauntlet | Got a clouded ivory ring
 10678 | Gauntlet | Reached skill level 5 in Armour
 10685 | Gauntlet | Identified the ring "Sopporphomi" {rN+ Int+3 Dex+4} (You
                  | found it in a Gauntlet)
 10700 | Gauntlet | Noticed a minotaur
 10706 | Gauntlet | Killed a minotaur
 10706 | Gauntlet | Reached skill level 5 in Fighting
 10878 | Gauntlet | Reached XP level 12. HP: 20/76 MP: 17/24
 10999 | D:11     | Reached skill level 5 in Maces & Flails
 11350 | D:11     | Found a runed translucent door.
 11350 | D:11     | Noticed stonage's ghost (journeyman OpFi)
 11358 | D:11     | Reached ***** piety under Vehumet
 11362 | D:11     | Noticed a centaur warrior
 11371 | D:11     | Killed a centaur warrior
 11381 | D:11     | Offered knowledge of Bolt of Magma by Vehumet.
 11484 | D:11     | Found a staircase to the Orcish Mines.
 11950 | D:11     | Reached skill level 5 in Dodging
 12152 | D:12     | Reached skill level 5 in Evocations
 12538 | D:12     | Noticed a tengu warrior
 12547 | D:12     | Killed a tengu warrior
 12547 | D:12     | Reached skill level 10 in Conjurations
 12586 | D:12     | Learned a level 5 spell: Bolt of Magma
 12670 | D:12     | Reached skill level 1 in Fire Magic
 12892 | D:12     | Noticed a tengu warrior
 12920 | D:12     | Killed a tengu warrior
 12920 | D:12     | Reached skill level 12 in Earth Magic
 12920 | D:12     | Reached XP level 13. HP: 62/84 MP: 16/26
 13119 | D:12     | Found Issiad's Assorted Antiques.
 13230 | D:12     | Bought a scroll of identify for 66 gold pieces
 13774 | D:12     | Got a fine robe
 13785 | D:12     | Identified the +2 robe of Ykkoebeo {Regen+ Int+4} (You
                  | found it on level 12 of the Dungeon)
 13875 | D:13     | Found a frozen archway.
 13921 | IceCv    | Entered an ice cave
 14793 | D:13     | Offered knowledge of Poison Arrow by Vehumet.
 14995 | D:14     | Found a portal to a secret trove of treasure.
 15222 | D:14     | Found Sen Quatt's Antique Armour Shop.
 15431 | D:14     | Found a gate to the Vaults.
 15689 | D:14     | Learned a level 6 spell: Poison Arrow
 16189 | Lair:1   | Entered Level 1 of the Lair of Beasts
 16217 | Lair:1   | Reached skill level 5 in Fire Magic
 17312 | Lair:2   | Found a staircase to the Shoals.
 17403 | Lair:2   | Gained mutation: Your large and strong wings let you fly
                  | indefinitely. [Gargoyle growth]
 17403 | Lair:2   | Reached XP level 14. HP: 92/92 MP: 17/27
 17970 | Lair:3   | Offered knowledge of Spellforged Servitor by Vehumet.
 18108 | Lair:3   | Found a staircase to the Snake Pit.
 19281 | Lair:4   | Learned a level 6 spell: Iron Shot
 19409 | Lair:4   | Reached skill level 13 in Earth Magic
 20576 | Lair:5   | Noticed Urug
 20578 | Lair:5   | Killed Urug
 20578 | Lair:5   | Reached skill level 10 in Spellcasting
 21169 | Lair:6   | Entered Level 6 of the Lair of Beasts
 21211 | Lair:6   | Found a staircase to the Slime Pits.
 21211 | Lair:6   | Found a viscous altar of Jiyva.
 21805 | Lair:6   | Upgraded the game from 0.24-a0-433-gbe6fa4f6cc to
                  | 0.24-a0-434-gd57e52fea8
 22024 | Lair:6   | Offered knowledge of Venom Bolt by Vehumet.
 22053 | Lair:6   | Found a shimmering altar of Xom.
 22906 | Lair:6   | Found a runed translucent door.
 23089 | Lair:6   | Reached XP level 15. HP: 94/100 MP: 24/29
 23423 | Lair:6   | Identified the +0 leather armour of Light {rC+} (You found
                  | it on level 6 of the Lair of Beasts)
 23688 | Orc:1    | Entered Level 1 of the Orcish Mines
 23688 | Orc:1    | Found Exterr's Assorted Antiques.
 23688 | Orc:1    | Noticed Harold
 23858 | Orc:1    | Killed Harold
 24079 | Orc:1    | Noticed Fannar
 24107 | D:11     | Killed Fannar
 24230 | Orc:1    | Noticed an orc warlord
 24236 | Orc:1    | Killed an orc warlord
 24422 | Orc:1    | Noticed Jorgrun
 24434 | Orc:1    | Killed Jorgrun
 24596 | Orc:1    | Noticed an orc warlord
 24614 | Orc:1    | Killed an orc warlord
 24898 | Orc:1    | Found a roughly hewn altar of Beogh.
 25309 | Orc:2    | Entered Level 2 of the Orcish Mines
 25321 | Orc:2    | Found Tizeehu's Weapon Shop.
 25418 | Orc:2    | Offered knowledge of Orb of Destruction by Vehumet.
 25620 | Orc:2    | Reached ****** piety under Vehumet
 26030 | Orc:2    | Found Yluruxki's Magic Scroll Boutique.
 26030 | Orc:2    | Found Qaef's Antique Weapon Boutique.
 26031 | Orc:2    | Found Wotebuf's Armour Shop.
 26044 | Orc:2    | Found Laahutte's Armour Shop.
 26125 | Orc:2    | Bought a polished morningstar for 216 gold pieces
 26125 | Orc:2    | Identified the cursed +0 morningstar of Looczeuh {crush,
                  | rF+ Int+6} (You bought it in a shop on level 2 of the
                  | Orcish Mines)
 26278 | Orc:2    | Found a roughly hewn altar of Beogh.
 26424 | Orc:2    | Found a staircase to the Elven Halls.
 26780 | Orc:2    | Bought a +2 helmet of intelligence for 301 gold pieces
 26793 | Orc:2    | Bought the +5 robe of Night {Dark MR+ SInv} for 960 gold
                  | pieces
 26793 | Orc:2    | Found the +5 robe of Night {Dark MR+ SInv}
 26939 | D:15     | Entered Level 15 of the Dungeon
 27084 | D:14     | Offered knowledge of Bolt of Fire by Vehumet.
 27248 | D:15     | Identified a scroll of acquirement
 27396 | D:9      | Bought the amulet of Qiyphois {Gourm rElec Int+4} for 786
                  | gold pieces
 27875 | D:14     | Learned a level 6 spell: Bolt of Fire
 27972 | D:15     | Reached skill level 14 in Earth Magic
 28007 | D:15     | Reached XP level 16. HP: 99/109 MP: 10/30
 28142 | D:14     | Reached skill level 10 in Fire Magic
 28319 | D:15     | Reached skill level 10 in Fighting
 28694 | D:15     | Found a staircase to the Depths.
 29107 | Elf:1    | Entered Level 1 of the Elven Halls
 31764 | Elf:2    | Offered knowledge of Conjure Ball Lightning by Vehumet.
 31924 | Elf:2    | Noticed Nikola
 32247 | Elf:2    | Reached skill level 10 in Maces & Flails
 32483 | Elf:2    | Reached XP level 17. HP: 116/116 MP: 28/32
 32875 | Elf:2    | Found a huge runed translucent gate.
 32875 | Elf:2    | Found a huge runed translucent gate.
 32876 | Elf:2    | Found a huge runed translucent gate.
 32888 | Elf:2    | Found a huge runed translucent gate.
 32888 | Elf:2    | Found a huge runed translucent gate.
 32916 | Elf:3    | Entered Level 3 of the Elven Halls
 34047 | Elf:3    | Reached skill level 15 in Earth Magic
 34312 | Elf:3    | Offered knowledge of Lehudib's Crystal Spear by Vehumet.
 34312 | Elf:3    | Offered knowledge of Fire Storm by Vehumet.
 34312 | Elf:3    | Offered knowledge of Ignition by Vehumet.
 35351 | Orc:2    | Bought a scroll of identify for 28 gold pieces
 35351 | Orc:2    | Bought a scroll of amnesia for 49 gold pieces
 35351 | Orc:2    | Bought a scroll of identify for 28 gold pieces
 35351 | Orc:2    | Bought a scroll of identify for 28 gold pieces
 35368 | Orc:2    | Learned a level 8 spell: Ignition
 35881 | Elf:3    | Noticed a deep elf blademaster
 35882 | Elf:3    | Noticed a deep elf blademaster
 35883 | Elf:3    | Noticed a deep elf master archer
 35885 | Elf:3    | Noticed a deep elf master archer
 35887 | Elf:3    | Killed a deep elf master archer
 35888 | Elf:3    | Killed a deep elf master archer
 35890 | Elf:3    | Killed a deep elf blademaster
 35890 | Elf:3    | Reached XP level 18. HP: 43/124 MP: 25/33
 35890 | Elf:3    | Killed a deep elf blademaster
 35893 | Elf:3    | Identified the +6 plate armour of Ibboton {-Tele rPois
                  | Dex+7}
 35898 | Elf:3    | Identified the amulet "Yryrhua" {Gourm rElec Slay+5}
 36337 | Elf:3    | Noticed a deep elf blademaster
 36344 | Elf:3    | Killed a deep elf blademaster
 36494 | Elf:3    | Found the +0 sword of Power
 36529 | Elf:3    | Got a smoking brass amulet
 36530 | Elf:3    | Identified the amulet "Qiseneus" {Inacc Int+4} (You found
                  | it on level 3 of the Elven Halls)
 36541 | Elf:3    | Identified the +10 short sword of Byrr {flame, +Inv MR-
                  | Stlth+}
 36817 | Elf:3    | Identified the Guide on Shifting Good Luck
 37987 | Snake:1  | Entered Level 1 of the Snake Pit
 38542 | Snake:1  | Noticed Louise
 38549 | Snake:1  | Killed Louise
 39913 | Snake:2  | Noticed Saint Roka
 39923 | Snake:2  | Killed Saint Roka
 40359 | Snake:2  | Noticed Aizul
 40373 | Snake:2  | Killed Aizul
 40557 | Snake:2  | Noticed Frances
 40561 | Snake:2  | Killed Frances
 41560 | Snake:2  | Noticed Donald
 41562 | Snake:2  | Killed Donald
 42232 | Snake:3  | Reached skill level 10 in Dodging
 42565 | Snake:3  | Reached XP level 19. HP: 119/131 MP: 19/35
 43442 | Snake:3  | Noticed Vashnia
 43445 | Snake:3  | Reached skill level 16 in Earth Magic
 43460 | Snake:3  | Killed Vashnia
 44079 | Snake:4  | Entered Level 4 of the Snake Pit
 44352 | Shoals:1 | Entered Level 1 of the Shoals
 45573 | Shoals:2 | Noticed Polyphemus
 45593 | Shoals:2 | Mangled by Polyphemus

Levels and vault maps discovered:
D:1:      minmay_arrival_checkered_box, layout_basic
D:2:      minmay_evil_eye, layout_basic, fedhas_ov_isle_minmay,
          nicolae_overflow_hidden_temple, nemelex_dance_club_becter
D:3:      layout_loops_ring, old_standard_altar, overflow_temple_1_default
D:4:      cheibrodos_helix_gallery, layout_rooms, minmay_temple_entry_tees,
          lightli_corner_chamber, uniq_grinder, uniq_sigmund, uniq_ijyb
D:5:      cheibrodos_fertilizer, layout_rooms, nemelex_altar_shiori,
          kennysheep_little_box, first_ration, due_unseen_surprise,
          uniq_eustachio
D:6:      layout_rooms, kiku_gazebo_pond_becter,
          corexii_item_surrounded_by_moat, lemuel_flamethrower_1,
          uniq_crazy_yiuf_cottage, uniq_pikel
D:7:      layout_rooms, serial_shops, shop
D:8:      kennysheep_orc_sif_temple, layout_rooms, kennysheep_mini,
          lemuel_doored_altar, gammafunk_temple_overflow_claw, serial_shops,
          shop, grunt_livestock, minmay_the_grid_2x2 [minmay_the_grid_rooms,
          minmay_the_grid_box_x, minmay_the_grid_spin_star,
          minmay_the_grid_prize_big_room], uniq_joseph
D:9:      layout_loops_ring, serial_shops, shop
D:10:     layout_loops_ring, special_room [special_room_orc], serial_shops,
          shop, nicolae_shop_statue_plus, shop
D:11:     layout_basic, kennysheep_orc_monster_closet_entryway,
          ebering_ghost_reflecting_pool, gauntlet_entry_generic
D:12:     minmay_inside_and_out, layout_basic, serial_shops, shop
D:13:     layout_long_grid, portal_ice_cave_entry_pillars_2
D:14:     layout_loops_cross, erik_vaults_1, serial_shops, nicolae_shop_stone,
          enter_trove_0
D:15:     hangedman_depths_entry_try_elsewhere_first, layout_rooms,
          minmay_misc_feat_five
Temple:   compressed_dpeg_circular_temple
Lair:1:   layout_regular_city, grunt_megastairs_4, lemuel_fruit_fields
Lair:2:   layout_hall_layers, minmay_shoals_entry_centaurs, wad_woods_03
Lair:3:   layout_big_grid, minmay_snake_entry_guardpost_small, minivault_19,
          minivault_23
Lair:4:   layout_layer_cave, serial_bayou_shore_b, grunt_megastairs_2
Lair:5:   layout_small_grid, infiniplex_staircase_pool_2, lemuel_fruit_tree,
          grunt_megastairs_3, uniq_urug
Lair:6:   guppyfry_lair_end_dragon, layout_long_grid, wormcave, slime_altar_1,
          lemuel_oklob_altar, grunt_megastairs_1
Shoals:1: layout_shoals
Shoals:2: layout_shoals, nicolae_shoals_this_corrosion, uniq_polyphemus
Snake:1:  layout_honeycomb, uniq_louise
Snake:2:  layout_layer_cave, uniq_frances, uniq_donald, uniq_aizul,
          uniq_saint_roka
Snake:3:  layout_misc_corridors, drop_trap, grunt_ministairs_5,
          chequers_hall_statues_corner_a, hangedman_venom_bottle, uniq_vashnia
Snake:4:  snake_pit, layout_layer_cave, basic_altar,
          nicolae_snake_serpentine_hallways, nicolae_snake_shapes
Orc:1:    orc_temple, layout_caves, serial_shops,
          nicolae_shop_overgrown_old_shop, uniq_harold, uniq_fannar,
          uniq_jorgrun
Orc:2:    st_orc_mages, layout_caves, basic_altar, serial_shops, shop
Elf:1:    elf_arrival_001, layout_geoelf_diagonals,
          kennysheep_underground_church
Elf:2:    layout_gridlike, uniq_nikola
Elf:3:    minmay_elf_hall_not_hex, layout_loops_cross, special_room
          [special_room_orc]

Skill      XL: |  1  2  3  4  5  6  7  8  9 10 11 12 13 14 15 16 17 18 19 |
---------------+----------------------------------------------------------+-----
Earth Magic    | 4 5 6 7 8 9 10 11 12 13 14 15 16 | 16.2
Conjurations   | 1 2 3 4 6 8 9 10 11 12 13 14 | 14.4
Spellcasting   | 3 4 5 6 7 8 9 10 11 12 | 12.7
Fighting       | 2 3 5 6 7 8 9 10 11 12 | 12.7
Maces & Flails | 1 3 4 6 7 8 9 10 11 | 11.9
Armour         | 2 3 5 6 |  6.0
Dodging        | 2 3 4 5 6 7 8 9 10 | 10.4
Evocations     | 1 3 4 5 6 |  6.0
Fire Magic     | 2 5 8 9 11 12 13 14 | 14.3
Stealth        | |  2.1
Transmutations | |  0.7

Action                   |  1- 3 |  4- 6 |  7- 9 | 10-12 | 13-15 | 16-18 | 19-21 || total
-------------------------+-------+-------+-------+-------+-------+-------+-------++-------
Melee: Mace              |    34 |   156 |   102 |   105 |       |       |       ||   397
       Unarmed           |       |       |     4 |       |       |       |       ||     4
       Flail             |       |       |       |   238 |   644 |       |       ||   882
       Eveningstar       |       |       |       |       |   337 |       |       ||   337
       Morningstar       |       |       |       |       |    97 |   254 |    77 ||   428
Throw: Dart              |       |    12 |     9 |       |       |       |       ||    21
 Cast: Sandblast         |    17 |    24 |   102 |   189 |   202 |    94 |    14 ||   642
       Lee's Rapid Decon |       |       |     6 |    36 |    34 |    46 |     6 ||   128
       Stone Arrow       |       |       |     5 |    17 |    63 |       |     1 ||    86
       Passwall          |       |       |     2 |       |       |       |       ||     2
       Bolt of Draining  |       |       |       |    10 |     6 |       |       ||    16
       Bolt of Magma     |       |       |       |       |   127 |       |       ||   127
       Iron Shot         |       |       |       |       |    54 |    87 |    36 ||   177
       Poison Arrow      |       |       |       |       |     2 |       |       ||     2
       Bolt of Fire      |       |       |       |       |     2 |   183 |    34 ||   219
       Ignition          |       |       |       |       |       |    10 |    14 ||    24
 Abil: Fly               |       |       |       |       |     1 |       |       ||     1
Evoke: Wand              |       |       |     2 |    14 |    12 |     3 |       ||    31
       Lightning rod     |       |       |       |       |       |    11 |     4 ||    15
  Use: Scroll            |     4 |     5 |     5 |    20 |    19 |    12 |     1 ||    66
       Potion            |       |       |     4 |     6 |       |     9 |     6 ||    25
 Stab: Sleeping          |     1 |     1 |     1 |     2 |     3 |     2 |     1 ||    11
       Confused          |       |       |       |       |     1 |       |       ||     1
       Invisible         |       |       |       |       |       |       |     1 ||     1
       Petrified         |       |       |       |       |       |       |     1 ||     1
  Eat: Chunk             |     2 |     7 |     5 |    31 |    58 |    75 |    16 ||   194
       Ration            |       |       |     1 |     1 |     6 |       |       ||     8
Armor: Robe              |    27 |    96 |    76 |   377 |   732 |   244 |   103 ||  1655
       Skin              |       |       |     2 |       |       |       |       ||     2
Dodge: Dodged            |    49 |   127 |   119 |   448 |  1111 |   311 |   131 ||  2296

Table legend:
 A = Non-vault XP
 B = Vault XP
 C = Vault XP percentage of total XP
 D = Non-vault monster count
 E = Vault monster count
 F = Vault count percentage of total count
                 A         B        C        D         E       F
            +---------+---------+-------+---------+---------+-------
      Total |  225365 |  146200 |  39.3 |     762 |     372 |  32.8
            +---------+---------+-------+---------+---------+-------
        D:1 |      20 |       0 |   0.0 |      10 |       0 |   0.0
        D:2 |     111 |      29 |  20.7 |      23 |       6 |  20.7
        D:3 |      80 |       0 |   0.0 |      21 |       0 |   0.0
        D:4 |     586 |     558 |  48.8 |      24 |       5 |  17.2
        D:5 |    1028 |     872 |  45.9 |      17 |      16 |  48.5
        D:6 |    1346 |     737 |  35.4 |      28 |       2 |   6.7
        D:7 |     382 |       0 |   0.0 |      10 |       0 |   0.0
        D:8 |     934 |    6651 |  87.7 |      22 |      27 |  55.1
        D:9 |     128 |       0 |   0.0 |       5 |       0 |   0.0
       D:10 |    1319 |     477 |  26.6 |      12 |      24 |  66.7
       D:11 |    6622 |    2875 |  30.3 |      48 |      22 |  31.4
       D:12 |    6288 |    3003 |  32.3 |      39 |      10 |  20.4
       D:13 |    4975 |       0 |   0.0 |      16 |       0 |   0.0
       D:14 |   10401 |    1808 |  14.8 |      36 |       2 |   5.3
       D:15 |   12821 |    2872 |  18.3 |      32 |       4 |  11.1
     Lair:1 |    2867 |     471 |  14.1 |      13 |       2 |  13.3
     Lair:2 |    2635 |     563 |  17.6 |      13 |       4 |  23.5
     Lair:3 |    6501 |     498 |   7.1 |      28 |       3 |   9.7
     Lair:4 |    7271 |       0 |   0.0 |      25 |       0 |   0.0
     Lair:5 |    1282 |     824 |  39.1 |       6 |       1 |  14.3
     Lair:6 |    5512 |   14600 |  72.6 |      22 |      51 |  69.9
   Shoals:1 |   11511 |       0 |   0.0 |      27 |       0 |   0.0
   Shoals:2 |    2000 |    2694 |  57.4 |       3 |       3 |  50.0
    Snake:1 |   19147 |    1945 |   9.2 |      37 |       3 |   7.5
    Snake:2 |    4452 |   12213 |  73.3 |       9 |      11 |  55.0
    Snake:3 |   30994 |   18031 |  36.8 |      52 |      35 |  40.2
    Snake:4 |    1414 |       0 |   0.0 |       2 |       0 |   0.0
      Orc:1 |    6880 |   10127 |  59.5 |      40 |      30 |  42.9
      Orc:2 |    5688 |    6034 |  51.5 |      34 |      45 |  57.0
      Elf:1 |   20700 |    5561 |  21.2 |      35 |       9 |  20.5
      Elf:2 |   19478 |    3412 |  14.9 |      29 |       3 |   9.4
      Elf:3 |   29992 |   45994 |  60.5 |      44 |      43 |  49.4
      IceCv |       0 |     628 | 100.0 |       0 |       4 | 100.0
   Gauntlet |       0 |    2723 | 100.0 |       0 |       7 | 100.0
            +---------+---------+-------+---------+---------+-------
